 Dungeon Crawl Stone Soup version 0.20.0-8-g6b59dc7 (webtiles) character file.

109 MTVSty1e the Sneak (level 4, 0/34 HPs)
             Began as a Vampire Assassin on June 1, 2017.
             Killed from afar by WereVolvo's ghost (4 damage)
             ... with a puff of flame
             ... on level 3 of the Dungeon.
             The game lasted 00:03:56 (1940 turns).

MTVSty1e the Sneak (Vampire Assassin)               Turns: 1940, Time: 00:03:57

Health: 0/34       AC:  4    Str:  9 (11) XL:     4   Next: 59%
Magic:  4/4        EV: 11    Int: 12 (13) God:
Gold:   91         SH:  0    Dex: 14 (15) Spells: 3/3 levels left

rFire    + . .     SeeInvis +   a - +2 dagger
rCold    . . .     Gourm    .   (no shield)
rNeg     + + .     Faith    .   k - +0 leather armour
rPois    +         Spirit   .   (no helmet)
rElec    .         Reflect  .   d - +0 cloak
rCorr    .         Harm     .   (no gloves)
MR       .....                  (no boots)
Stlth    ++++......             (no amulet)
Regen    0.1/turn               p - ring of fire
MPRegen  0.1/turn               (no ring)

@: regenerating slowly
A: fangs 3, see invisible, unbreathing
a: Bat Form


You were on level 3 of the Dungeon.
You were thirsty.

You visited 1 branch of the dungeon, and saw 3 of its levels.

You collected 91 gold pieces.

Inventory:

Hand Weapons
 a - a +2 dagger (weapon)
 b - a +0 blowgun
Missiles
 e - 20 poisoned needles
 f - 2 curare-tipped needles
Armour
 d - a +0 cloak (worn)
 k - a +0 leather armour (worn)
Jewellery
 p - a ring of fire (left hand)
Scrolls
 h - a scroll of teleportation {unknown}
 j - 6 scrolls of identify {unknown}
 l - a scroll of enchant weapon {unknown}
 n - a scroll of enchant armour {unknown}
 o - a scroll of blinking {unknown}
Potions
 g - 4 potions of blood


   Skills:
 + Level 2.9 Fighting
 * Level 4.5 Short Blades
 - Level 1.5 Throwing
 - Level 1.1 Dodging
 - Level 5.8 Stealth


You had 3 spell levels left.
You didn't know any spells.

Dungeon Overview and Level Annotations

Branches:
Dungeon (3/15)

Altars:
Ashenzari

Annotations:
D:3 WereVolvo's ghost, amateur DEFE


Innate Abilities, Weirdness & Mutations

You heal slowly.
You have razor-sharp teeth.
You have supernaturally acute eyesight. (SInv)
You can survive without breathing.


Message History

WereVolvo's ghost gestures at you while chanting.
The puff of flame misses you.
You barely miss WereVolvo's ghost.
WereVolvo's ghost is heavily damaged.
You hit WereVolvo's ghost but do no damage.
WereVolvo's ghost is heavily damaged.
WereVolvo's ghost hits you.
* * * LOW HITPOINT WARNING * * *
You hit WereVolvo's ghost.
WereVolvo's ghost is heavily damaged.
WereVolvo's ghost hits you.
* * * LOW HITPOINT WARNING * * *
You hit WereVolvo's ghost. Your bite misses WereVolvo's ghost.
WereVolvo's ghost is heavily damaged.
WereVolvo's ghost closely misses you.
You hit WereVolvo's ghost. Your bite misses WereVolvo's ghost.
WereVolvo's ghost is severely damaged.
WereVolvo's ghost casts a spell at you. The puff of flame hits you! You resist.
You die...

........#.....#.#..##<#
........#...#...#.###.#
).......'.......#.# #.#
........#...#...#.# #.#
#####...........#.# #.#
#.####.#..#.#.###.##
#.#......<..#......#
#.#.##.#############
#####.#.#..#...W@...#
...........#.######.#
#####..####.# #.#
#)......# #.#
#.########## #.#
#.##........ #.#
#.##.####### #.#
#........... #.#
#.##.#########.#


You could see WereVolvo's ghost.

Vanquished Creatures
  Terence (D:2)
  2 adders (D:2)
  An ooze (D:1)
  2 dart slugs
  2 leopard geckos
  2 giant cockroaches
  10 goblins
  6 hobgoblins
  4 jackals
  A quokka (D:2)
  8 bats
  6 frilled lizards
  5 kobolds
  6 rats
56 creatures vanquished.

Notes
Turn   | Place    | Note
-------+----------+-------------------------------------------
     0 | D:1      | MTVSty1e the Vampire Assassin began the quest for the Orb.
     0 | D:1      | Reached XP level 1. HP: 16/16 MP: 1/1
   179 | D:1      | Reached XP level 2. HP: 22/22 MP: 2/2
   519 | D:1      | Reached XP level 3. HP: 28/28 MP: 3/3
  1072 | D:2      | Noticed Terence
  1082 | D:2      | Killed Terence
  1082 | D:2      | Reached XP level 4. HP: 33/34 MP: 4/4
  1843 | D:3      | Found a shattered altar of Ashenzari.
  1916 | D:3      | Noticed WereVolvo's ghost (amateur DEFE)
  1940 | D:3      | Killed from afar by WereVolvo's ghost

Skill      XL: |  1  2  3 |
---------------+----------+-----
Fighting       | 2 |  2.9
Short Blades   | 3 4 |  4.5
Throwing       | |  1.5
Dodging        | |  1.1
Stealth        | |  5.8

Action                   |  1- 3 |  4- 6 || total
-------------------------+-------+-------++-------
Melee: Dagger            |   120 |    55 ||   175
       Bite              |     6 |     4 ||    10
  Use: Potion            |       |     4 ||     4
 Stab: Sleeping          |     7 |     6 ||    13
       Distracted        |     2 |       ||     2
Armor: Robe              |    10 |       ||    10
       Leather armour    |    43 |    19 ||    62
Dodge: Dodged            |    70 |    38 ||   108
